AoeStats
← Pillage The Village

Arabia

507705455Analyzed
1v1 RM · 13d ago on Sep 19, 2026· 30m 33s· 2 players
Game mode
Random Map
Map size
Tiny (2 player)
Population
200
Speed
Normal
Resources
Standard
Victory
Conquest
Starting age
Dark Age
Ending age
Imperial Age
RankedLock teamsTeams togetherTeam positionsShared explorationLock speedFull tech treeHidden civsTurbo modeCheats
Victory
Defeat
🇧🇪 Mongols · Belgium
1453
+17
🇫🇷 Slavs · France
1483
-17
Pillage The Village
6:01 Loom
8:38 Feudal Age
9:25 Double-Bit Axe
19:32 Castle Age
18:14 Bloodlines
18:15 Gold Mining
18:49 Fletching
20:00 Padded Archer Armor
20:22 Husbandry
20:56 Bodkin Arrow
24:00 Bow Saw
27:28 Ballistics
guigui_3589
5:07 Loom
9:08 Feudal Age
9:37 Double-Bit Axe
9:37 Horse Collar
20:34 Castle Age
20:06 Bloodlines
20:08 Forging
20:02 Gold Mining
21:26 Heavy Plow
21:40 Bow Saw
Connection lost

Rejoining the realm…

Still unreachable

The connection could not be restored.

Session expired

The server has moved on; the page needs a fresh start.